 Dungeon Crawl Stone Soup version 0.19-a0-1773-gaa448fe (webtiles) character file.

97 taqueso the Conjurer (level 4, -2/27 HPs)
             Began as a Demonspawn Conjurer on Oct 17, 2016.
             Slain by 00Nightcrawler's ghost (3 damage)
             ... on level 4 of the Dungeon.
             The game lasted 00:07:44 (2019 turns).

taqueso the Conjurer (Demonspawn Conjurer)          Turns: 2019, Time: 00:07:45

Health: -2/27      AC:  3    Str:  6 (9)  XL:     4   Next: 42%
Magic:  6/7        EV: 17    Int: 16 (17) God:
Gold:   141        SH:  0    Dex: 15 (18) Spells: 3 memorised, 2 levels left

rFire  . . .     SeeInvis .     g - +0 whip
rCold  . . .     Gourm    .     a - +0 robe
rNeg   . . .     Faith    .     (no shield)
rPois  +         Spirit   .     (no helmet)
rElec  .         Dismiss  .     q - +0 cloak
rCorr  .         Reflect  .     (no gloves)
MR     .....     Harm     .     (no boots)
Stlth  +++.......               (no amulet)
                                (no ring)
                                (no ring)

@: agile, lethally poisoned (-2 -> -6)
A: frail 1, low mp 1, poison resistance, powered by pain 2
a: no special abilities


You were on level 4 of the Dungeon.
You were not hungry.

You visited 1 branch of the dungeon, and saw 4 of its levels.

You collected 141 gold pieces.

Inventory:

Hand Weapons
 d - a +0 dagger
   (You found it on level 1 of the Dungeon)
 g - a +0 whip (weapon)
   (You found it on level 1 of the Dungeon)
Missiles
 e - 70 stones (quivered)
 f - 4 tomahawks
 m - 32 bolts
Armour
 a - a +0 robe (worn)
 q - a +0 cloak (worn)
   (You found it on level 3 of the Dungeon)
Wands
 y - a wand of confusion (26/48)
   (You found it on level 4 of the Dungeon)
Scrolls
 h - a scroll of enchant weapon {unknown}
 k - 5 scrolls of identify {unknown}
 o - a scroll of teleportation {unknown}
 p - a scroll of magic mapping {unknown}
 r - a scroll of amnesia {unknown}
 t - 2 scrolls of remove curse {unknown}
 u - a scroll of enchant armour {unknown}
 v - 2 scrolls of noise {unknown}
Potions
 j - a potion of degeneration {!q}
Books
 b - a book of Conjurations
Comestibles
 c - 4 bread rations {@e1}
 n - 4 chunks of flesh {@w0}
 x - 5 fruits


   Skills:
 - Level 1.7 Dodging
 - Level 1.7 Stealth
 + Level 2.9 Spellcasting
 * Level 5.4 Conjurations


You had 2 spell levels left.
You knew the following spells:

 Your Spells              Type           Power        Failure   Level  Hunger
a - Magic Dart            Conj           ###.         1%          1    #......
d - Dazzling Spray        Conj/Hex       ##....       21%         3    ###....
s - Searing Ray           Conj           ###...       3%          2    ##.....


Dungeon Overview and Level Annotations

Branches:
Dungeon (4/15)
 Temple: D:4-7

Altars:

Annotations:
D:4 00Nightcrawler's ghost, amateur KoEn


Innate Abilities, Weirdness & Mutations

You sometimes gain power by taking damage.
You are frail. (-10% HP)
Your magical capacity is low. (-10% MP)
Your system is resistant to poisons. (rPois)


Message History

00Nightcrawler's ghost casts a spell at you.
You are confused.
You closely miss 00Nightcrawler's ghost. 00Nightcrawler's ghost gestures at you while chanting.
You resist with significant effort.
You're too confused to cast spells.
You're too confused to move!
The adder bites you. 00Nightcrawler's ghost barely misses you.
The adder bites you.
Some of the chunks of flesh in your inventory have rotted away.
You take 7 damage, and have 23/30 hp.
MASSIVE DAMAGE!!
It was a potion of ambrosia.
You are more confused.
You feel invigorated. 00Nightcrawler's ghost hits you.
The adder bites you.
Your magical contamination has completely faded away.
You regained 3 mp, and now have 4/8 mp.
You regained 4 hp, and now have 28/30 hp.
You regained 3 mp, and now have 7/8 mp.
You bump into the rock wall.
The adder closely misses you. 00Nightcrawler's ghost closely misses you.
Health restored: 30; MP restored: 8 You bump into the rock wall.
The adder closely misses you. 00Nightcrawler's ghost hits you.
The adder bites you.
You take 2 damage, and have 28/30 hp.
You hit 00Nightcrawler's ghost. 00Nightcrawler's ghost hits you.
The adder barely misses you.
You take 1 damage, and have 27/30 hp.
You bump into the rock wall.
You feel less invigorated. The adder bites you.
You are poisoned.
The adder poisons you! 00Nightcrawler's ghost hits you.
You take 3 damage, and have 24/30 hp.
You miss the adder.
You feel sick.
The adder bites you but does no damage. 00Nightcrawler's ghost barely misses you.
The adder barely misses you.
You feel less confused. 00Nightcrawler's ghost gestures at you while chanting.
You resist with significant effort.
You barely miss the adder. The adder bites you.
The adder misses you. 00Nightcrawler's ghost hits you.
You take 3 damage, and have 21/30 hp.
You closely miss 00Nightcrawler's ghost.
You feel sick.
The adder closely misses you. 00Nightcrawler's ghost casts a spell at you.
You are confused.
You take 1 damage, and have 20/30 hp.
You closely miss 00Nightcrawler's ghost.
You are no longer glowing.
The adder closely misses you. 00Nightcrawler's ghost hits you but does no damage.
The adder misses you.
You closely miss 00Nightcrawler's ghost.
The adder bites you but does no damage. 00Nightcrawler's ghost completely misses you.
You feel sick.
You take 1 damage, and have 19/30 hp.
You bump into the rock wall.
The adder completely misses you. 00Nightcrawler's ghost hits you.
The adder bites you but does no damage.
You take 4 damage, and have 15/30 hp.
The adder barely misses you. 00Nightcrawler's ghost misses you.
You miss the adder.
The adder closely misses you. 00Nightcrawler's ghost closely misses you.
You miss 00Nightcrawler's ghost.
You feel less confused.
You feel sick.
The adder closely misses you. 00Nightcrawler's ghost closely misses you.
The adder bites you.
You take 2 damage, and have 13/30 hp.
The magic dart hits 00Nightcrawler's ghost.
The adder closely misses you. 00Nightcrawler's ghost hits you but does no damage.
You now have 7/8 mp.
The magic dart hits 00Nightcrawler's ghost.
The adder bites you.
You are more poisoned.
The adder poisons you! 00Nightcrawler's ghost hits you.
The adder bites you.
* * * LOW HITPOINT WARNING * * *
You take 7 damage, and have 6/30 hp.
MASSIVE DAMAGE!!
You now have 6/8 mp.
It was a potion of cancellation.
Your magical effects are unravelling.
You feel magically purged.
You float gracefully downwards. 00Nightcrawler's ghost hits you.
* * * LOW HITPOINT WARNING * * *
The adder barely misses you.
You take 4 damage, and have 2/30 hp.
It was a potion of mutation.
You feel extremely strange.
You feel resistant to poisons.
You feel less energetic.
You feel frail.
* * * LOW HITPOINT WARNING * * *
You feel sick.
The adder misses you. 00Nightcrawler's ghost hits you but does no damage.
You take 1 damage, and have 1/27 hp.
It was a potion of agility.
You feel agile all of a sudden.
The adder misses you. 00Nightcrawler's ghost misses you.
The magic dart hits 00Nightcrawler's ghost.
The adder bites you but does no damage. 00Nightcrawler's ghost hits you.
You die...

.##.## ....# ....#
...# # ...# ##
#.######.#
....#.#......#
.......<...S.#
......#....W@# .....
#......# .... #......#
... #......# ..
#......## $
######..######
##...........##
.#......[......##
.....................#


You could see 00Nightcrawler's ghost and an adder.

Vanquished Creatures
  A gnoll (D:3)
  2 adders
  2 worms (D:3)
  3 dart slugs
  2 leopard geckos (D:1)
  6 bats
  4 giant cockroaches
  8 hobgoblins
  A quokka (D:3)
  A ball python (D:4)
  5 frilled lizards
  12 goblins
  5 kobolds
  5 rats
57 creatures vanquished.

Notes
Turn   | Place    | Note
-------+----------+-------------------------------------------
     0 | D:1      | taqueso the Demonspawn Conjurer began the quest for the Orb.
     0 | D:1      | Reached XP level 1. HP: 13/13 MP: 3/3
   208 | D:1      | Gained mutation: You sometimes gain a little power by taking damage. [demonic ancestry]
   208 | D:1      | Reached XP level 2. HP: 18/19 MP: 1/5
   461 | D:1      | Learned a level 2 spell: Searing Ray
   978 | D:2      | Reached XP level 3. HP: 24/24 MP: 1/6
  1218 | D:3      | Learned a level 3 spell: Dazzling Spray
  1399 | D:3      | Reached skill level 5 in Conjurations
  1496 | D:3      | Gained mutation: You sometimes gain power by taking damage. [demonic ancestry]
  1496 | D:3      | Reached XP level 4. HP: 30/30 MP: 5/8
  1974 | D:4      | Noticed 00Nightcrawler's ghost (amateur KoEn)
  2015 | D:4      | HP: 6/30 [adder (4)]
  2016 | D:4      | HP: 2/30 [00Nightcrawler's ghost (4)]
  2017 | D:4      | Gained mutation: Your system is resistant to poisons. (rPois) [potion of mutation]
  2017 | D:4      | Gained mutation: Your magical capacity is low. (-10% MP) [potion of mutation]
  2017 | D:4      | Gained mutation: You are frail. (-10% HP) [potion of mutation]
  2019 | D:4      | Slain by 00Nightcrawler's ghost

Vault maps used:
D:1:      dpeg_arrival_arbitrary_b, grunt_decor_one_mirror, minmay_hexomino_f4
D:2:      first_bread, hangedman_decor_push

Skill      XL: |  1  2  3 |
---------------+----------+-----
Conjurations   | 5 |  5.4
Dodging        | |  1.7
Stealth        | |  1.7
Spellcasting   | |  2.9

Action                   |  1- 3 |  4- 6 || total
-------------------------+-------+-------++-------
Melee: Whip              |    18 |    14 ||    32
Throw: Stone             |     4 |       ||     4
 Cast: Magic Dart        |    76 |    50 ||   126
  Use: Potion            |       |     6 ||     6
  Eat: Chunk             |     2 |     2 ||     4
Armor: Robe              |     3 |    11 ||    14
Dodge: Dodged            |    20 |    29 ||    49

Vault maps used:
D:1:      dpeg_arrival_arbitrary_b, grunt_decor_one_mirror, minmay_hexomino_f4
D:2:      first_bread, hangedman_decor_push

Table legend:
 A = Turns spent in this place as a percentage of turns spent in the entire game.
 B = Non-inter-level travel turns spent in this place as a percentage of non-inter-level travel turns spent in the entire game.
 C = Inter-level travel turns spent in this place as a percentage of turns spent in this place.
 D = Turns resting spent in this place as a percentage of non-inter-level travel turns spent in this place.
 E = Turns spent auto-exploring this place as a percentage of non-inter-level travel turns spent in this place.
 F = Non-inter-level travel turns spent in this place divided by the number of levels of this place that you've seen.
                   A       B       C       D       E      F
               +-------+-------+-------+-------+-------+----------------------
         Total | 100.0 | 100.0 |   0.6 |   5.9 |   6.3 | 173.2
       Dungeon | 100.0 | 100.0 |   0.6 |   5.9 |   6.3 | 173.2
               +-------+-------+-------+-------+-------+----------------------

Table legend:
 A = Kills in this place as a percentage of kills in entire the game.
 B = Kills by you in this place as a percentage of kills by you in the entire game.
 C = Kills by friends in this place as a percentage of kills by friends in the entire game.
 D = Other kills in this place as a percentage of other kills in the entire game.
 E = Experience gained in this place as a percentage of experience gained in the entire game.
 F = Experience gained in this place divided by the number of levels of this place that you have seen.
                   A       B       C       D       E      F
               +-------+-------+-------+-------+-------+----------------------
         Total | 100.0 | 100.0 |  -nan |  -nan | 100.0 |  34.8
       Dungeon | 100.0 | 100.0 |  -nan |  -nan | 100.0 |  34.8
               +-------+-------+-------+-------+-------+----------------------
